 Dungeon Crawl Stone Soup version 0.17.0-24-gcfadda4 (console) character file.

1583 jw the Sneak (level 8, -1/54 HPs)
             Began as an Octopode Berserker on Nov 16, 2015.
             Was a Priest of Trog.
             Slain by Sigmund
             ... wielding a +2 scythe of venom
              (2 damage)
             ... on level 6 of the Dungeon.
             The game lasted 00:16:04 (7197 turns).

jw the Sneak (Octopode Berserker)                   Turns: 7197, Time: 00:16:04

Health: -1/54      AC:  0    Str: 17    XL:     8   Next: 92%
Magic:  8/8        EV: 14    Int:  9    God:    Trog [***...]
Gold:   421        SH:  6    Dex: 13    Spells: 0 memorised, 7 levels left

rFire  . . .     SeeInvis .     b - +0 short sword (freeze)
rCold  . . .     Clarity  .     d - +1 buckler
rNeg   . . .     SustAt   .     (helmet restricted)
rPois  .         Gourm    .     (no amulet)
rElec  .         Spirit   .     l - -3 ring of protection (curse)
rCorr  .         Warding  .     (no ring)
rMut   .         Stasis   .     (no ring)
MR     .....                    (no ring)
Stlth  +++++.....               (no ring)
                                (no ring)
                                (no ring)
                                (no ring)

@: lethally poisoned (-1 -> -10), exhausted, slowed, very slow, not resistant to
hostile enchantments, quite stealthy
A: almost no armour, amphibious, 8 rings, constrict 8, antennae 1, slimy green
scales 1, camouflage 1, spit poison 1, gelatinous body 1
a: Spit Poison, Berserk, Trog's Hand, Burn Spellbooks, Renounce Religion


You were on level 6 of the Dungeon.
You worshipped Trog.
Trog was most pleased with you.
You were very hungry.

You visited 1 branch of the dungeon, and saw 6 of its levels.
You also visited: Ossuary.

You collected 421 gold pieces.

Inventory:

Hand Weapons
 b - a +0 short sword of freezing (weapon)
Missiles
 a - 5 tomahawks of returning (quivered)
 e - 199 stones
 o - 26 poisoned needles
 q - 2 needles of sleeping
Armour
 d - a +1 buckler (worn)
Jewellery
 l - a cursed -3 ring of protection (left tentacle)
Wands
 p - a wand of fireball (7)
Scrolls
 f - 2 scrolls of teleportation
 g - 4 scrolls of remove curse
 j - 5 scrolls of identify
Comestibles
 c - 10 fruits
 h - 2 slices of pizza
 i - 2 royal jellies
 m - 4 beef jerkies
 n - 3 bread rations


   Skills:
 + Level 4.9 Fighting
 * Level 6.3 Short Blades
 + Level 3.0 Throwing
 + Level 4.7 Dodging
 * Level 7.4 Stealth
 + Level 4.0 Shields


You had 7 spell levels left.
You didn't know any spells.

Dungeon Overview and Level Annotations

Branches:
Dungeon (6/15)             Temple (0/1) D:4

Altars:
Ashenzari
Cheibriados
Elyvilon
Kikubaaqudgha
Zin
The Shining One

Annotations:
D:6 Sigmund


Innate Abilities, Weirdness & Mutations

You cannot wear most types of armour.
You are amphibious.
You can wear up to eight rings at the same time.
You can use your tentacles to constrict eight enemies at once.
Your skin changes colour to match your surroundings (Stealth).
Your rubbery body absorbs attacks (AC +1).
You have a pair of small antennae on your head.
You are partially covered in slimy green scales (AC +2).
You can spit weak poison.


Message History

The magic dart hits you!
ATTACK MOVE TO (1,0)
You feel sick. Something hits you!
ATTACK MOVE TO (1,0)
You feel sick.
ATTACK MOVE TO (-1,0)
You feel sick. Something hits you.
You are lethally poisoned!
Drink which item? (? for menu, Esc to quit)
You feel better. Something hits you!
You are lethally poisoned!
Drink which item? (? for menu, Esc to quit)
You feel better. Something hits you!
You are lethally poisoned!
Drink which item? (? for menu, Esc to quit)
You feel better. Something hits you!
You are lethally poisoned!
ATTACK MOVE TO (1,0)
You feel sick. Something hits you.
You die...

### ... .##.##
## ...... ..
#. #.#.#####.#
###
#.##......x..#
#<#
#.#.......####
.#.#
#<.......{#
.#)#
#........#
.#.#
#........#
.#.#
#.....)..#
.#.#
#....()..#
.#.#
##.##+####
.#.# #.##.#


There were no monsters in sight!

Table legend:
 A = Turns spent in this place as a percentage of turns spent in the entire game.
 B = Non-inter-level travel turns spent in this place as a percentage of non-inter-level travel turns spent in the entire game.
 C = Inter-level travel turns spent in this place as a percentage of turns spent in this place.
 D = Turns resting spent in this place as a percentage of non-inter-level travel turns spent in this place.
 E = Turns spent auto-exploring this place as a percentage of non-inter-level travel turns spent in this place.
 F = Non-inter-level travel turns spent in this place divided by the number of levels of this place that you've seen.
                   A       B       C       D       E      F
               +-------+-------+-------+-------+-------+----------------------
         Total | 100.0 | 100.0 |   0.7 |   1.2 |   2.8 | 1141.3
       Dungeon |  89.0 |  88.9 |   0.8 |   1.1 |   2.9 | 1183.5
       Ossuary |  11.0 |  11.1 |   0.0 |   1.8 |   1.9 | 888.0
               +-------+-------+-------+-------+-------+----------------------

Table legend:
 A = Kills in this place as a percentage of kills in entire the game.
 B = Kills by you in this place as a percentage of kills by you in the entire game.
 C = Kills by friends in this place as a percentage of kills by friends in the entire game.
 D = Other kills in this place as a percentage of other kills in the entire game.
 E = Experience gained in this place as a percentage of experience gained in the entire game.
 F = Experience gained in this place divided by the number of levels of this place that you have seen.
                   A       B       C       D       E      F
               +-------+-------+-------+-------+-------+----------------------
         Total | 100.0 | 100.0 |  -nan |  -nan | 100.0 | 323.1
       Dungeon |  87.9 |  87.9 |  -nan |  -nan |  92.0 | 346.7
       Ossuary |  12.1 |  12.1 |  -nan |  -nan |   8.0 | 182.0
               +-------+-------+-------+-------+-------+----------------------

Vanquished Creatures
  Prince Ribbit (D:5)
  2 ogres (D:4)
  A sky beast (D:5)
  A black bear (D:6)
  The ghost of gw the Ruffian, an amateur DDMo (D:4)
  An orc warrior (D:6)
  A giant frog (D:6)
  A scorpion (D:4)
  An orc priest (D:6)
  A hound (D:5)
  A centaur zombie (D:5)
  4 worker ants
  5 orc wizards
  A big kobold zombie (Ossuary)
  2 hound skeletons
  8 mummies (Ossuary)
  4 gnolls (D:6)
  9 adders
  3 river rats (D:4)
  A shadow imp (D:6)
  An ooze (D:3)
  2 adder skeletons
  A worm (D:2)
  6 giant geckos
  10 orcs
  11 giant cockroaches
  7 hobgoblins
  3 bats
  3 giant gecko skeletons
  7 giant newts
  5 goblins
  A hobgoblin zombie (Ossuary)
  5 jackals
  8 kobolds
  5 kobold zombies (Ossuary)
  An orc zombie (Ossuary)
  7 rats
132 creatures vanquished.

Vanquished Creatures (others)
  A scorpion (D:4)
  A worker ant (D:4)
  An adder (D:4)
3 creatures vanquished.

Grand Total: 135 creatures vanquished

Notes
Turn   | Place    | Note
--------------------------------------------------------------
     0 | D:1      | jw the Octopode Berserker began the quest for the Orb.
     0 | D:1      | Reached XP level 1. HP: 16/16 MP: 1/1
   548 | D:1      | Reached skill level 1 in Stealth
   774 | D:1      | Reached XP level 2. HP: 21/21 MP: 2/2
  1193 | D:2      | Reached XP level 3. HP: 26/26 MP: 3/3
  1681 | D:2      | Reached ** piety under Trog
  1735 | D:2      | Reached skill level 1 in Shields
  1796 | D:2      | Reached XP level 4. HP: 26/31 MP: 4/4
  2826 | D:3      | Found a glowing silver altar of Zin.
  3321 | D:3      | Gained mutation: You can spit weak poison. [potion of mutation]
  3321 | D:3      | Gained mutation: You have a pair of small antennae on your head. [potion of mutation]
  3321 | D:3      | Gained mutation: You are partially covered in slimy green scales (AC +2). [potion of mutation]
  3495 | D:4      | Reached skill level 4 in Short Blades
  3517 | D:4      | Found a sand-covered staircase.
  3522 | Ossuary  | Entered an ossuary
  3560 | Ossuary  | Reached XP level 5. HP: 18/36 MP: 5/5
  3798 | Ossuary  | Reached skill level 1 in Throwing
  3798 | Ossuary  | Reached XP level 6. HP: 33/43 MP: 6/6
  4223 | D:4      | Noticed gw's ghost (amateur DDMo)
  4236 | D:4      | Killed gw's ghost
  4467 | D:4      | Found a glowing golden altar of the Shining One.
  4575 | D:4      | Found an ancient bone altar of Kikubaaqudgha.
  4583 | D:4      | Reached XP level 7. HP: 34/48 MP: 7/7
  4788 | D:4      | Noticed an ogre
  4798 | D:4      | Killed an ogre
  4798 | D:4      | Reached skill level 5 in Stealth
  4964 | D:4      | Found a staircase to the Ecumenical Temple.
  5139 | D:4      | Reached skill level 5 in Short Blades
  5218 | D:4      | Noticed an ogre
  5228 | D:4      | Killed an ogre
  5446 | D:4      | Found a snail-covered altar of Cheibriados.
  5623 | D:5      | Entered Level 5 of the Dungeon
  5623 | D:5      | Found a white marble altar of Elyvilon.
  5702 | D:5      | Noticed Prince Ribbit
  5714 | D:5      | Killed Prince Ribbit
  5714 | D:5      | Reached skill level 6 in Stealth
  5714 | D:5      | Reached XP level 8. HP: 54/54 MP: 8/8
  6397 | D:5      | Reached *** piety under Trog
  6970 | D:6      | Found a shattered altar of Ashenzari.
  6996 | D:6      | Reached skill level 7 in Stealth
  7171 | D:6      | Noticed Sigmund
  7195 | D:6      | HP: 1/54 [something (9)]
  7197 | D:6      | Slain by Sigmund

Action                   |  1- 3 |  4- 6 |  7- 9 || total
-------------------------+-------+-------+-------++-------
Melee: Short sword       |    45 |    94 |   116 ||   255
Throw: Stone             |    45 |    37 |    36 ||   118
       Tomahawk          |       |       |     3 ||     3
Invok: Berserk           |     1 |     2 |     4 ||     7
       Trog's Hand       |       |     1 |     2 ||     3
 Abil: Spit Poison       |       |     5 |    11 ||    16
  Use: Scroll            |     5 |     7 |     1 ||    13
       Potion            |     2 |     6 |     7 ||    15
 Stab: Sleeping          |     4 |    18 |     6 ||    28
       Distracted        |       |       |     1 ||     1
  Eat: Chunk             |     4 |    10 |    12 ||    26
       Fruit             |       |     1 |       ||     1

Vault maps used:
D:1:      lightli_arrival_isolated_outpost, minmay_misc_feat_rows
D:2:      minmay_misc_feat_rugged
D:3:      marbit_many_paths
D:4:      kiku_gazebo_garden_becter, kennysheep_mini,
          lemuel_coloured_pillars_altar, lemuel_temple_firewalk_marked,
          enter_ossuary_2, gup_sewer_entry_bubbles
D:5:      nicolae_overflow_crystal_walls, first_bread,
          kennysheep_generic_room_10, uniq_prince_ribbit1
D:6:      evilmike_ruin_ashenzari, uniq_sigmund
Ossuary:  ossuary_tomb_3
